TOP OF THE 1ST |
University of Illinois Fighting Illini batting - Pitching for University of Michigan Wolverines : LHP Kees van Bergen
|
Pitching: LHP Kees van Bergen
|
|
Batting: SHB Ryan Marsh
|
0-0: Swinging Strike 0-1: Ball 1-1: Fly out, F7 (Line Drive, 7S, EV 86.9 MPH)
|
Batting: RHB James Lewis
|
0-0: Ball 1-0: SINGLE (Groundball, 15S, EV 66.9 MPH) (infield hit)
|
Batting: LHB Stuart Parker
|
0-0: Ball 1-0: 2-RUN HOME RUN (Flyball, 7D, EV 105.0 MPH), Distance : 391 ft
|
Batting: RHB D.J. Sheldon
|
0-0: Ball 1-0: Ball 2-0: Foul Ball, location: 2F 2-1: Swinging Strike 2-2: Strikes out swinging
|
Batting: RHB Matt Lapthorne
|
0-0: Swinging Strike 0-1: Reached on error, E4 (Groundball, 34, EV 87.5 MPH)
|
Batting: RHB Lance Borgen
|
0-0: Called Strike 0-1: Fly out, F8 (Flyball, 78S, EV 92.5 MPH)
|
Top of the 1st over - 2 runs, 2 hits, 1 error, 1 left on base; University of Illinois 2 - University of Michigan 0 |
BOTTOM OF THE 1ST |
University of Michigan Wolverines batting - Pitching for University of Illinois Fighting Illini : LHP Andy Martin
|
Pitching: LHP Andy Martin
|
|
Batting: RHB Gerard Gordijn
|
0-0: Called Strike 0-1: Ball 1-1: TRIPLE (Line Drive, 89XD, EV 110.0 MPH)
|
Batting: RHB Walter Fisher
|
0-0: Ball 1-0: Ball 2-0: Ground out 5-3 (Groundball, 56S, EV 70.0 MPH) Gerard Gordijn scores
|
Batting: RHB Mike Harden
|
0-0: SINGLE (Groundball, 56D, EV 107.5 MPH)
|
Batting: RHB Remie Braakman
|
0-0: Ball 1-0: Called Strike 1-1: Swinging Strike 1-2: SINGLE (Groundball, 6S, EV 65.6 MPH) (infield hit) Mike Harden to second
|
Batting: RHB Allan Dunn
|
0-0: Called Strike 0-1: Ball 1-1: Swinging Strike 1-2: Ball 2-2: Foul Ball, location: 2F 2-2: Foul Ball, location: 2F 2-2: Strikes out swinging
|
Batting: RHB Angus Shanahan
|
0-0: Called Strike 0-1: Ball 1-1: Called Strike 1-2: Foul Ball, location: 2F 1-2: Ball 2-2: Ball 3-2: Base on Balls Mike Harden to third Remie Braakman to second
|
Batting: LHB Murdock Cranton
|
0-0: Ball 1-0: Called Strike 1-1: Called Strike 1-2: Strikes out swinging
|
Bottom of the 1st over - 1 run, 3 hits, 0 errors, 3 left on base; University of Illinois 2 - University of Michigan 1 |
TOP OF THE 2ND |
University of Illinois Fighting Illini batting - Pitching for University of Michigan Wolverines : LHP Kees van Bergen
|
Batting: RHB Joe Kirschner
|
0-0: Foul Ball, location: 2F 0-1: Called Strike 0-2: Ball 1-2: Ball 2-2: Foul Ball, location: 2F 2-2: SINGLE (Line Drive, 78S, EV 86.2 MPH)
|
Batting: RHB Bobby Merritt
|
0-0: Ball 1-0: Grounds into double play, 4-6-3 (Groundball, 4, EV 108.1 MPH)
|
Batting: RHB Lynn Shere
|
0-0: Called Strike 0-1: DOUBLE (Line Drive, 9LS, EV 103.1 MPH)
|
Pinch Runner at 2nd Eddie Castro:
|
|
Batting: SHB Ryan Marsh
|
0-0: Called Strike 0-1: Foul Ball, location: 2F 0-2: Ground out 6-3 (Groundball, 6, EV 82.5 MPH)
|
Top of the 2nd over - 0 runs, 2 hits, 0 errors, 1 left on base; University of Illinois 2 - University of Michigan 1 |
BOTTOM OF THE 2ND |
University of Michigan Wolverines batting - Pitching for University of Illinois Fighting Illini : LHP Andy Martin
|
Now at SS: Eddie Castro
|
|
Batting: RHB Cesar Rubio
|
0-0: Ground out 1-3 (Groundball, 13, EV 65.0 MPH)
|
Batting: LHB Lance Sabo
|
0-0: Ball 1-0: Foul Ball, location: 2F 1-1: SOLO HOME RUN (Flyball, 9LD, EV 98.1 MPH), Distance : 389 ft
|
Batting: RHB Gerard Gordijn
|
0-0: Swinging Strike 0-1: Ball 1-1: Ball 2-1: SINGLE (Groundball, 6MD, EV 103.1 MPH)
|
Batting: RHB Walter Fisher
|
0-0: Called Strike 0-1: Ball 1-1: Ball 2-1: Ball 3-1: Base on Balls Gerard Gordijn to second
|
Batting: RHB Mike Harden
|
0-0: Ball 1-0: Foul Ball, location: 2F 1-1: Ball 2-1: Ball 3-1: Fielders Choice at 2nd, 6-4 (Groundball, 6, EV 106.9 MPH) Gerard Gordijn to third
|
Pitching: RHP Ross Ledford
|
|
Batting: RHB Remie Braakman
|
0-0: Fielders Choice at 2nd, 6-4 (Groundball, 6, EV 80.6 MPH)
|
Bottom of the 2nd over - 1 run, 2 hits, 0 errors, 2 left on base; University of Illinois 2 - University of Michigan 2 |
TOP OF THE 3RD |
University of Illinois Fighting Illini batting - Pitching for University of Michigan Wolverines : LHP Kees van Bergen
|
Batting: RHB James Lewis
|
0-0: Called Strike 0-1: Ground out 1-3 (Groundball, 13S, EV 68.8 MPH)
|
Batting: LHB Stuart Parker
|
0-0: Called Strike 0-1: Reached on error, E3 (Groundball, 3, EV 103.8 MPH)
|
Batting: RHB D.J. Sheldon
|
0-0: Fly out, F7 (Line Drive, 7, EV 98.1 MPH)
|
Batting: RHB Matt Lapthorne
|
0-0: Fly out, F3 (Popup, 3F, EV 81.9 MPH)
|
Top of the 3rd over - 0 runs, 0 hits, 1 error, 1 left on base; University of Illinois 2 - University of Michigan 2 |
BOTTOM OF THE 3RD |
University of Michigan Wolverines batting - Pitching for University of Illinois Fighting Illini : RHP Ross Ledford
|
Batting: RHB Allan Dunn
|
0-0: Fly out, F7 (Flyball, 7S, EV 88.8 MPH)
|
Batting: RHB Angus Shanahan
|
0-0: Fly out, F7 (Line Drive, 7D, EV 88.8 MPH)
|
Batting: LHB Murdock Cranton
|
0-0: Foul Ball, location: 2F 0-1: Fly out, F8 (Flyball, 8LD, EV 95.6 MPH)
|
Bottom of the 3rd over - 0 runs, 0 hits, 0 errors, 0 left on base; University of Illinois 2 - University of Michigan 2 |
TOP OF THE 4TH |
University of Illinois Fighting Illini batting - Pitching for University of Michigan Wolverines : LHP Kees van Bergen
|
Batting: RHB Lance Borgen
|
0-0: Called Strike 0-1: DOUBLE (Line Drive, 7LS, EV 97.5 MPH)
|
Batting: RHB Joe Kirschner
|
0-0: Ball 1-0: Foul Ball, location: 2F 1-1: Foul Ball, location: 2F 1-2: Strikes out swinging
|
Batting: RHB Bobby Merritt
|
0-0: Ball 1-0: Ball 2-0: Ball 3-0: Called Strike 3-1: Fly out, F2 (Popup, 3SF, EV 80.0 MPH)
|
Batting: LHB Eddie Castro
|
0-0: Fly out, F7 (Line Drive, 78M, EV 90.0 MPH)
|
Top of the 4th over - 0 runs, 1 hit, 0 errors, 1 left on base; University of Illinois 2 - University of Michigan 2 |
BOTTOM OF THE 4TH |
University of Michigan Wolverines batting - Pitching for University of Illinois Fighting Illini : RHP Ross Ledford
|
Batting: RHB Cesar Rubio
|
0-0: Swinging Strike 0-1: Swinging Strike 0-2: Strikes out looking
|
Batting: LHB Lance Sabo
|
0-0: Called Strike 0-1: Fly out, F8 (Flyball, 8RD, EV 96.2 MPH)
|
Batting: RHB Gerard Gordijn
|
0-0: Swinging Strike 0-1: Foul Ball, location: 2F 0-2: Ground out 5-3 (Groundball, 5, EV 84.4 MPH)
|
Bottom of the 4th over - 0 runs, 0 hits, 0 errors, 0 left on base; University of Illinois 2 - University of Michigan 2 |
TOP OF THE 5TH |
University of Illinois Fighting Illini batting - Pitching for University of Michigan Wolverines : LHP Kees van Bergen
|
Batting: SHB Ryan Marsh
|
0-0: Foul Ball, location: 2F 0-1: Ball 1-1: Called Strike 1-2: Ball 2-2: Foul Ball, location: 2F 2-2: Fly out, F4 (Popup, 4M, EV 60.0 MPH)
|
Batting: RHB James Lewis
|
0-0: Ball 1-0: Swinging Strike 1-1: Foul Ball, location: 2F 1-2: Foul Ball, location: 2F 1-2: Strikes out swinging
|
Batting: LHB Stuart Parker
|
0-0: Ball 1-0: Ball 2-0: Called Strike 2-1: SINGLE (Groundball, 4D, EV 100.6 MPH)
|
Batting: RHB D.J. Sheldon
|
0-0: Swinging Strike 0-1: Ball 1-1: Ball 2-1: Fly out, F9 (Flyball, 9, EV 96.2 MPH)
|
Top of the 5th over - 0 runs, 1 hit, 0 errors, 1 left on base; University of Illinois 2 - University of Michigan 2 |
BOTTOM OF THE 5TH |
University of Michigan Wolverines batting - Pitching for University of Illinois Fighting Illini : RHP Ross Ledford
|
Batting: RHB Walter Fisher
|
0-0: Ball 1-0: SINGLE (Groundball, 4S, EV 61.9 MPH) (infield hit)
|
Batting: RHB Mike Harden
|
0-0: Foul Ball, location: 2F 0-1: Ball 1-1: Ball 2-1: Ball 3-1: Called Strike 3-2: Base on Balls Walter Fisher to second
|
Batting: RHB Remie Braakman
|
0-0: Called Strike 0-1: Ball 1-1: SINGLE (Line Drive, 34D, EV 105.6 MPH) Walter Fisher to third Mike Harden to second
|
Pitching: LHP Arturo Majana
|
|
Batting: RHB Allan Dunn
|
0-0: Called Strike 0-1: SINGLE (Groundball, 13S, EV 71.2 MPH) (infield hit) Walter Fisher scores Mike Harden to third Remie Braakman to second
|
Batting: RHB Angus Shanahan
|
0-0: Ball 1-0: Foul Ball, location: 2F 1-1: Grounds into double play, 6-4-3 (Groundball, 6, EV 96.9 MPH) Mike Harden scores Remie Braakman to third
|
Batting: LHB Murdock Cranton
|
0-0: Fly out, F8 (Flyball, 89D, EV 90.0 MPH)
|
Bottom of the 5th over - 2 runs, 3 hits, 0 errors, 1 left on base; University of Illinois 2 - University of Michigan 4 |
TOP OF THE 6TH |
University of Illinois Fighting Illini batting - Pitching for University of Michigan Wolverines : LHP Kees van Bergen
|
Batting: RHB Matt Lapthorne
|
0-0: Ball 1-0: Called Strike 1-1: Foul Ball, location: 2F 1-2: Ball 2-2: Foul Ball, location: 2F 2-2: Ball 3-2: Base on Balls
|
Batting: RHB Lance Borgen
|
0-0: Ball 1-0: Ball 2-0: Ball 3-0: Called Strike 3-1: Base on Balls Matt Lapthorne to second
|
Batting: RHB Joe Kirschner
|
0-0: Called Strike 0-1: Sac Bunt to 25 - play at first, batter OUT! 5-3 Matt Lapthorne to third Lance Borgen to second
|
Batting: RHB Bobby Merritt
|
0-0: Ball 1-0: Foul Ball, location: 2F 1-1: Called Strike 1-2: Foul Ball, location: 2F 1-2: SINGLE (Groundball, 3L, EV 99.4 MPH) Matt Lapthorne scores Lance Borgen to third Runner from 3rd tries for Home, SAFE, throw by RF to home
|
Pitching: RHP Dave Catano
|
|
Batting: LHB Eddie Castro
|
0-0: Fly out, F8 (Line Drive, 8LM, EV 95.6 MPH)
|
Batting: SHB Ryan Marsh
|
0-0: Ball 1-0: Foul Ball, location: 2F 1-1: Foul Ball, location: 2F 1-2: Ground out 3-1 (Groundball, 34S, EV 86.2 MPH)
|
Top of the 6th over - 2 runs, 1 hit, 0 errors, 1 left on base; University of Illinois 4 - University of Michigan 4 |
BOTTOM OF THE 6TH |
University of Michigan Wolverines batting - Pitching for University of Illinois Fighting Illini : LHP Arturo Majana
|
Batting: RHB Cesar Rubio
|
0-0: Swinging Strike 0-1: Foul Ball, location: 2F 0-2: Strikes out looking
|
Batting: LHB Lance Sabo
|
0-0: Fly out, F6 (Popup, 6M, EV 71.2 MPH)
|
Batting: RHB Gerard Gordijn
|
0-0: Fly out, F3 (Popup, 3S, EV 75.0 MPH)
|
Bottom of the 6th over - 0 runs, 0 hits, 0 errors, 0 left on base; University of Illinois 4 - University of Michigan 4 |
TOP OF THE 7TH |
University of Illinois Fighting Illini batting - Pitching for University of Michigan Wolverines : RHP Dave Catano
|
Batting: RHB James Lewis
|
0-0: Foul Ball, location: 2F 0-1: Called Strike 0-2: Ball 1-2: Ball 2-2: Strikes out swinging
|
Pitching: LHP Danny Warner
|
|
Batting: LHB Stuart Parker
|
0-0: Ball 1-0: Ground out U3 (Groundball, 3, EV 81.2 MPH)
|
Pitching: RHP Dave Bressler
|
|
Batting: RHB D.J. Sheldon
|
0-0: Called Strike 0-1: Ball 1-1: Foul Ball, location: 2F 1-2: Ball 2-2: Ball 3-2: SINGLE (Line Drive, 4MD, EV 105.6 MPH)
|
Batting: RHB Matt Lapthorne
|
0-0: Ball 1-0: Fly out, F8 (Flyball, 8LXD, EV 104.4 MPH)
|
Top of the 7th over - 0 runs, 1 hit, 0 errors, 1 left on base; University of Illinois 4 - University of Michigan 4 |
BOTTOM OF THE 7TH |
University of Michigan Wolverines batting - Pitching for University of Illinois Fighting Illini : LHP Arturo Majana
|
Batting: RHB Walter Fisher
|
0-0: Ball 1-0: Foul Ball, location: 2F 1-1: Called Strike 1-2: Foul Ball, location: 2F 1-2: Strikes out swinging
|
Batting: RHB Mike Harden
|
0-0: Ground out 5-3 (Groundball, 56, EV 91.9 MPH)
|
Batting: RHB Remie Braakman
|
0-0: Fly out, F9 (Flyball, 9D, EV 105.0 MPH)
|
Bottom of the 7th over - 0 runs, 0 hits, 0 errors, 0 left on base; University of Illinois 4 - University of Michigan 4 |
TOP OF THE 8TH |
University of Illinois Fighting Illini batting - Pitching for University of Michigan Wolverines : RHP Dave Bressler
|
Batting: RHB Lance Borgen
|
0-0: Ball 1-0: Foul Ball, location: 2F 1-1: Called Strike 1-2: Ball 2-2: Ball 3-2: Foul Ball, location: 2F 3-2: Fly out, F9 (Flyball, 9S, EV 83.8 MPH)
|
Batting: RHB Joe Kirschner
|
0-0: Swinging Strike 0-1: Ball 1-1: Ball 2-1: Called Strike 2-2: Foul Ball, location: 2F 2-2: Ball 3-2: Strikes out swinging
|
Batting: RHB Bobby Merritt
|
0-0: Ball 1-0: Called Strike 1-1: Foul Ball, location: 2F 1-2: Fly out, F9 (Flyball, 89D, EV 101.2 MPH)
|
Top of the 8th over - 0 runs, 0 hits, 0 errors, 0 left on base; University of Illinois 4 - University of Michigan 4 |
BOTTOM OF THE 8TH |
University of Michigan Wolverines batting - Pitching for University of Illinois Fighting Illini : LHP Arturo Majana
|
Pitching: RHP Bryan Schauman
|
|
Pinch Hitting: LHB Dakota Kaempf
|
0-0: SOLO HOME RUN (Flyball, 9LD, EV 95.6 MPH), Distance : 363 ft
|
Batting: RHB Angus Shanahan
|
0-0: Ball 1-0: Called Strike 1-1: Foul Ball, location: 2F 1-2: Strikes out swinging
|
Batting: LHB Murdock Cranton
|
0-0: Ball 1-0: Called Strike 1-1: Ball 2-1: SINGLE (Line Drive, 56, EV 113.8 MPH)
|
Pinch Hitting: RHB Chris Williamson
|
0-0: Foul Ball, location: 2F 0-1: Called Strike 0-2: Ball 1-2: Strikes out swinging
|
Batting: LHB Lance Sabo
|
0-0: Ball 1-0: Called Strike 1-1: Foul Ball, location: 2F 1-2: Fly out, F8 (Flyball, 8RD, EV 105.0 MPH)
|
Bottom of the 8th over - 1 run, 2 hits, 0 errors, 1 left on base; University of Illinois 4 - University of Michigan 5 |
TOP OF THE 9TH |
University of Illinois Fighting Illini batting - Pitching for University of Michigan Wolverines : RHP Dave Bressler
|
Pitching: RHP Tom DuBois
|
|
Now at C: Chris Williamson
|
|
Now at 2B: Phillip Blake
|
|
Pinch Hitting: RHB Omar Cruz
|
0-0: SINGLE (Flyball, 4D, EV 93.1 MPH)
|
Batting: SHB Ryan Marsh
|
0-0: Foul Ball, location: 2F 0-1: SINGLE (Groundball, 3D, EV 105.6 MPH) Omar Cruz to second Runner from 2nd tries for 3rd, SAFE, throw by RF made to third
|
Batting: RHB James Lewis
|
0-0: Ball 1-0: Ball 2-0: Foul Ball, location: 2F 2-1: Ball 3-1: SINGLE (Line Drive, 9LS, EV 94.4 MPH) Omar Cruz scores Ryan Marsh to second Runner from 2nd tries for 3rd, SAFE, throw by RF made to third
|
Batting: LHB Stuart Parker
|
0-0: Called Strike James Lewis steals 2nd base (no throw) 0-1: Ball 1-1: Ball 2-1: Called Strike 2-2: Ball 3-2: Base on Balls
|
Batting: RHB D.J. Sheldon
|
0-0: Foul Ball, location: 2F 0-1: Called Strike 0-2: Ball 1-2: DOUBLE (Line Drive, 3D, EV 97.5 MPH) Ryan Marsh scores James Lewis scores Stuart Parker to third
|
Batting: RHB Matt Lapthorne
|
0-0: Called Strike 0-1: Ball 1-1: Ball 2-1: Ball 3-1: SINGLE (Groundball, 56, EV 105.6 MPH) Stuart Parker scores D.J. Sheldon to third Runner from 3rd tries for Home, SAFE, throw by LF to home
|
Pitching: LHP Kunikazu Ishida
|
|
Batting: RHB Lance Borgen
|
0-0: Bunt - Flyout to 23! F3
|
Batting: RHB Joe Kirschner
|
0-0: Called Strike 0-1: Called Strike 0-2: Strikes out swinging
|
Batting: RHB Bobby Merritt
|
0-0: Ball 1-0: Ball 2-0: Called Strike 2-1: Swinging Strike 2-2: Reached on error, E5 (Groundball, 5, EV 84.4 MPH) Matt Lapthorne to second
|
Batting: RHB Omar Cruz
|
0-0: Swinging Strike 0-1: Ball 1-1: Fielders Choice at 2nd, 5-4 (Groundball, 56D, EV 89.4 MPH)
|
Top of the 9th over - 5 runs, 5 hits, 1 error, 2 left on base; University of Illinois 9 - University of Michigan 5 |
BOTTOM OF THE 9TH |
University of Michigan Wolverines batting - Pitching for University of Illinois Fighting Illini : RHP Bryan Schauman
|
Pitching: LHP Adam Green
|
|
Now at SS: Omar Cruz
|
|
Batting: RHB Gerard Gordijn
|
0-0: Swinging Strike 0-1: Ball 1-1: SINGLE (Groundball, 56, EV 98.8 MPH) (infield hit)
|
Batting: RHB Walter Fisher
|
0-0: Called Strike 0-1: Ball 1-1: Called Strike 1-2: Foul Ball, location: 2F 1-2: Ball 2-2: Strikes out swinging
|
Batting: RHB Mike Harden
|
0-0: Ball 1-0: Called Strike 1-1: SINGLE (Groundball, 56D, EV 99.4 MPH) Gerard Gordijn to second
|
Batting: RHB Remie Braakman
|
0-0: SINGLE (Groundball, 6MD, EV 107.5 MPH) Gerard Gordijn to third Mike Harden to second
|
Batting: SHB Phillip Blake
|
0-0: Called Strike 0-1: Called Strike 0-2: Strikes out looking
|
Batting: RHB Angus Shanahan
|
0-0: Ground out 4-3 (Groundball, 4MD, EV 101.9 MPH)
|
Bottom of the 9th over - 0 runs, 3 hits, 0 errors, 3 left on base; University of Illinois 9 - University of Michigan 5 |
|